 Dungeon Crawl Stone Soup version 0.21.0-3-g78d12a8 (webtiles) character file.

87654 MDvedh the Spry (level 15, -4/124 HPs)
             Began as a Merfolk Air Elementalist on Jan 9, 2018.
             Was an Elder of Fedhas.
             Shot with a bolt by a yaktaur (20 damage)
             ... on level 15 of the Dungeon.
             The game lasted 01:10:28 (33964 turns).

MDvedh the Spry (Merfolk Air Elementalist)         Turns: 33964, Time: 01:10:29

Health: -4/124     AC: 22    Str: 16    XL:     15   Next: 91%
Magic:  24/24      EV: 22    Int: 14    God:    Fedhas [****..]
Gold:   183        SH:  3    Dex: 17    Spells: 9/18 levels left

rFire    . . .     SeeInvis .   Z - +2 halberd (freeze)
rCold    + . .     Gourm    .   (shield currently unavailable)
rNeg     . . .     Faith    .   E - +4 ring mail of Zotuob {Stlth+}
rPois    +         Spirit   .   P - +1 helmet
rElec    .         Reflect  +   A - +2 cloak
rCorr    +         Harm     .   O - +2 pair of gloves {Str+3}
MR       ++...                  i - +1 pair of boots
Stlth    +++.......             G - +3 amulet of reflection
HPRegen  0.30/turn              K - ring of resist corrosion
MPRegen  0.19/turn              W - ring of poison resistance

@: no status effects
A: change form in water, swift swim, stealthy swim, cold resistance 1, magic
resistance 1
a: Fungal Bloom, Evolution, Sunlight, Growth, Reproduction, Renounce Religion


You were on level 15 of the Dungeon.
You worshipped Fedhas.
Fedhas was greatly pleased with you.
You were not hungry.

You visited 3 branches of the dungeon, and saw 23 of its levels.
You also visited: Sewer and Ice Cave.

You collected 2673 gold pieces.
You spent 2490 gold pieces at shops.

Inventory:

Hand Weapons
 g - a +4 spear of venom
 X - the +3 trident of Linearity {drain, rF- rN+++ Int+3}
   (You acquired it on level 7 of the Dungeon)

   A truly terrible weapon, it drains the life of those it strikes.
   It affects your intelligence (+3).
   It makes you vulnerable to fire.
   It renders you almost immune to negative energy.
 Z - a +2 halberd of freezing (weapon)
Armour
 i - a +1 pair of boots (worn)
 p - a +0 buckler
 A - a +2 cloak (worn)
 E - the +4 ring mail of Zotuob (worn) {Stlth+}
   (You found it on level 8 of the Dungeon)

   It makes you more stealthy.
 O - a +2 pair of gloves of strength (worn)
 P - a +1 helmet (worn)
Jewellery
 u - the amulet of the Shrike {Harm *Corrode *Drain rF++ Str+4 SInv}
   (You found it on level 5 of the Dungeon)

   [amulet of harm]

   It increases damage dealt and taken.
   It affects your strength (+4).
   It greatly protects you from fire.
   It lets you see invisible.
   It may corrode you when you take damage.
   It causes draining when unequipped.
 G - a +3 amulet of reflection (around neck)
 K - a ring of resist corrosion (left hand)
 S - an uncursed ring of flight
 W - a ring of poison resistance (right hand)
Wands
 a - a wand of flame (12)
 q - a wand of random effects (24)
 I - a wand of disintegration (11)
 M - a wand of acid (8)
 N - a wand of enslavement (8)
Scrolls
 b - a scroll of blinking
 e - 8 scrolls of identify
 l - a scroll of vulnerability
 m - 3 scrolls of amnesia
 r - 9 scrolls of teleportation
 s - 4 scrolls of enchant weapon
 v - 3 scrolls of fear
 y - 6 scrolls of enchant armour
 z - 6 scrolls of remove curse
 B - 4 scrolls of fog
 L - 2 scrolls of magic mapping
 T - 3 scrolls of silence
 V - a scroll of holy word
Potions
 d - 12 potions of curing
 f - 3 potions of mutation
 j - 2 potions of invisibility
 k - a potion of heal wounds
 n - 5 potions of agility
 o - 3 potions of lignification
 t - 4 potions of cancellation
 w - 2 potions of magic
 x - 3 potions of haste
 C - 2 potions of brilliance
 Q - 4 potions of flight
Miscellaneous
 Y - a lamp of fire (inert)
Comestibles
 c - 31 rations


   Skills:
 - Level 13.3 Fighting
 * Level 15.2 Polearms
 - Level 9.4 Armour
 - Level 15.5 Dodging
 - Level 2.1 Stealth
 - Level 4.0 Shields
 - Level 2.0 Spellcasting
 - Level 0.7 Conjurations
 + Level 4.9 Hexes
 + Level 5.3 Charms
 - Level 2.4 Air Magic
 - Level 12.9 Invocations


You had 9 spell levels left.
You knew the following spells:

 Your Spells              Type           Power        Failure   Level  Hunger
a - Shock                 Conj/Air       #...         22%         1    ##.....
b - Swiftness             Chrm/Air       ##......     12%         2    ###....
c - Spectral Weapon       Hex/Chrm       ###.....     14%         3    ####...
d - Regeneration          Chrm/Necr      #.........   36%         3    ####...


Dungeon Overview and Level Annotations

Branches:
Dungeon (15/15)            Temple (0/1) D:7            Lair (6/6) D:11
 Shoals (0/4) Lair:3        Snake (0/4) Lair:4        Slime (0/5) Lair:5
    Orc (2/2) D:9             Elf (0/3) Orc:2        Vaults (0/5) D:13
 Depths: D:15

Altars:
Ashenzari
Dithmenos
Elyvilon
Fedhas
Gozag
Hepliaklqana
Kikubaaqudgha
Makhleb
Nemelex Xobeh
Qazlal
Vehumet
Wu Jian
Xom
Yredelemnul
Beogh

Shops:
D:4 !   D:7 ?%?*:   D:9 (   D:14 [!:%*   Orc:1 *   Orc:2 ?}}[?

Portals:
Trove: D:14 (give 11 potions of heal wounds)

Annotations:
D:15 Roxanne
Lair:5 Kirke


Innate Abilities, Weirdness & Mutations

You revert to your normal form in water.
You are very nimble and swift while swimming.
You are very stealthy in the water. (Stealth+)
Your flesh is cold resistant. (rC+)
You are resistant to hostile enchantments. (MR+)


Message History

The yaktaur closely misses you.
Unknown command.
You hit the yaktaur. You freeze the yaktaur.
The yaktaur is lightly wounded.
The yaktaur misses you. x2
Unknown command.
You puncture the yaktaur! You freeze the yaktaur.
The yaktaur is moderately wounded.
The yaktaur seems less confused.
The yaktaur completely misses you.
The yaktaur hits you but does no damage.
The yaktaur hits you.
* * * LOW HITPOINT WARNING * * *
Unknown command.
The yaktaur shoots a bolt.
The bolt completely misses you.
The yaktaur wields an arbalest.
The yaktaur shoots a bolt.
The bolt hits you!
* * * LOW HITPOINT WARNING * * *
The yaktaur wields an uncursed arbalest.
The yaktaur shoots a bolt.
The bolt hits you!!
You die...
Fedhas appreciates your contribution to the ecosystem.

#......# #..
####....!?# ..
..%.......## .#
#...........##.#
#..............#
###.....(...).8.(#
#...........(f..##
#........(...f.##
#...........)@## ..
## #.......(c.##....
...#......).cc.......
........)).).c.......
.%......(............
#...$..(######.[..###
##..(..<# ....#
#......# ....#
####...# ..###


You could see 4 yaktaurs and 2 friendly wandering mushrooms.

Vanquished Creatures
  Agnes (D:14)
  A frost giant (Orc:1)
  Snorg (D:10)
  2 ettins (Orc:1)
  Josephine (Lair:5)
  An ice dragon (D:15)
  6 hydras
  A merfolk avatar (Lair:6)
  A catoblepas (D:14)
  8 centaur warriors
  The ghost of komo4ek the Basher, a journeyman GrFi of Cheibriados (D:12)
  3 death yaks (Lair:4)
  6 two-headed ogres
  5 ogre magi (Orc:2)
  An orc high priest (Orc:1)
  A skeletal warrior (D:14)
  A sea snake (Lair:6)
  2 unseen horrors
  A wizard (D:14)
  The ghost of Gigax the Martial Artist, a novice OpMo of Cheibriados (D:8)
  3 orc knights
  A harpy (Lair:6)
  A deep elf mage (D:12)
  3 manticores
  4 ugly things
  13 cyclopes
  4 orc sorcerers
  6 elephants
  2 merfolk sirens (Lair:3)
  2 black mambas
  2 gargoyles
  12 spiny frogs
  3 rime drakes (Lair:6)
  The ghost of Gigax the Martial Artist, a novice OpMo (D:4)
  4 komodo dragons
  3 trolls
  A hornet (Lair:6)
  6 polar bears (Lair:6)
  16 blink frogs
  4 hippogriffs
  A centaur simulacrum (D:14)
  10 slime creatures
  3 wyverns
  3 wraiths
  3 basilisks
  22 yaks
  2 hogs (Lair:5)
  2 vampire mosquitoes (D:13)
  A warg (Orc:1)
  4 hungry ghosts
  An acid dragon (shapeshifter) (D:14)
  3 acid dragons
  5 porcupines
  3 nagas (Lair:4)
  2 hell hounds (D:11)
  12 water moccasins
  9 ice beasts
  3 wandering mushrooms
  13 orc warriors
  A phantom (D:13)
  8 sky beasts
  An eye of draining (D:9)
  3 hornet zombies
  15 ogres
  A boggart (D:13)
  4 black bears
  22 centaurs
  8 wolves
  14 crocodiles
  3 big kobolds (D:8)
  15 bullfrogs
  A gnoll sergeant (D:5)
  A wyvern skeleton (D:13)
  5 scorpions
  A water moccasin skeleton (D:6)
  4 electric eels
  4 wights (D:11)
  8 crimson imps
  A quasit (D:10)
  4 centaur zombies
  4 bullfrog zombies
  4 hounds
  10 orc priests
  3 bullfrog skeletons
  2 centaur skeletons
  2 jellies
  5 iguanas
  33 orc wizards
  8 worker ants
  Ijyb (D:3)
  A killer bee zombie (D:9)
  2 hound skeletons
  2 worker ant zombies
  9 gnolls
  A howler monkey skeleton (D:8)
  20 adders
  7 river rats (Sewer)
  4 shadow imps
  4 oozes
  An adder skeleton (D:6)
  2 adder zombies
  3 worms
  3 dart slugs
  3 fire bats (D:4)
  5 leopard geckos
  58 orcs
  A spectral bat (D:4)
  8 ball pythons (Sewer)
  17 bats
  8 giant cockroaches
  9 goblins
  6 hobgoblins
  17 jackals
  4 quokkas
  A bat simulacrum (D:4)
  12 frilled lizards
  17 kobolds
  35 rats
694 creatures vanquished.

Vanquished Creatures (collateral kills)
  A dire elephant (Lair:6)
  A wandering mushroom (D:12)
  An ice dragon (D:15)
  2 hydras
  A death yak (Lair:4)
  An unseen horror (D:9)
  4 skeletal warriors
  An ugly thing (D:14)
  A manticore (Lair:6)
  2 orc sorcerers (Orc:2)
  A black mamba (Lair:4)
  2 elephants (Lair:4)
  A centaur skeleton (D:13)
  A spiny frog (Lair:2)
  A yaktaur (D:15)
  2 polar bears (Lair:6)
  2 wyverns
  3 wraiths
  A hog (Lair:5)
  A basilisk (Lair:4)
  3 yaks
  A hungry ghost (D:12)
  A water moccasin (Lair:6)
  3 orc warriors
  A phantom (D:4)
  An ice beast (Lair:1)
  2 centaurs
  3 crocodiles
  A big kobold (D:13)
  A wight (D:11)
  A vampire bat (D:4)
  An electric eel (D:15)
  5 orc wizards
  5 orcs
  A spectral bat (D:4)
  3 bat skeletons (D:4)
  A bat zombie (D:4)
  2 kobolds (D:13)
66 creatures vanquished.

Vanquished Creatures (others)
  An oklob plant (Lair:6)
  A cyclops (Orc:1)
  A rime drake (Lair:6)
  28 wandering mushrooms
  A bullfrog (D:15)
  An orc priest (D:12)
  An orc wizard (D:12)
  An orc (D:12)
  A goblin (D:1)
  A kobold (D:13)
  14 fungi
  23 plants
  530 toadstools
604 creatures vanquished.

Grand Total: 1364 creatures vanquished

Notes
Turn   | Place    | Note
-------+----------+-------------------------------------------
     0 | D:1      | MDvedh the Merfolk Air Elementalist began the quest for the Orb.
     0 | D:1      | Reached XP level 1. HP: 13/13 MP: 3/3
     6 | D:1      | Noticed a killer bee
     6 | D:1      | Noticed a lindwurm
     6 | D:1      | Noticed a crocodile
     7 | D:1      | Noticed a black bear
     7 | D:1      | Noticed a rime drake
   248 | D:1      | Reached skill level 1 in Fighting
   287 | D:1      | Reached XP level 2. HP: 19/21 MP: 0/5
  1002 | D:1      | Reached XP level 3. HP: 26/27 MP: 6/6
  1630 | D:2      | Learned a level 2 spell: Swiftness
  1760 | D:2      | Reached XP level 4. HP: 20/35 MP: 0/7
  2740 | D:2      | Reached skill level 1 in Polearms
  2896 | D:3      | Reached XP level 5. HP: 16/41 MP: 1/8
  3581 | D:3      | Found a faded altar of an unknown god.
  3648 | D:3      | Became a worshipper of Fedhas Madash
  3648 | D:3      | Reached * piety under Fedhas
  4105 | D:3      | Gained mutation: Your flesh is cold resistant. (rC+) [potion of mutation]
  4105 | D:3      | Gained mutation: You are resistant to hostile enchantments. (MR+) [potion of mutation]
  4105 | D:3      | Gained mutation: You are dopey. (Int -2) [potion of mutation]
  4105 | D:3      | Lost mutation: You are dopey. (Int -2) [potion of mutation]
  4331 | D:3      | Noticed Ijyb
  4404 | D:3      | Killed Ijyb
  4404 | D:3      | Reached skill level 5 in Polearms
  4846 | D:4      | Reached XP level 6. HP: 47/47 MP: 9/9
  5076 | D:4      | Noticed a phantom
  5123 | D:4      | Killed a phantom
  5184 | D:4      | Noticed Gigax's ghost (novice OpMo)
  5206 | D:4      | Killed Gigax's ghost
  5206 | D:4      | Reached XP level 7. HP: 32/52 MP: 10/10
  5364 | D:4      | Found Donk's Distillery.
  5367 | D:4      | Bought a potion of heal wounds for 65 gold pieces
  5367 | D:4      | Bought a potion of lignification for 39 gold pieces
  5367 | D:4      | Bought a potion of degeneration for 13 gold pieces
  5367 | D:4      | Bought a potion of agility for 52 gold pieces
  5367 | D:4      | Bought a potion of heal wounds for 65 gold pieces
  5388 | D:4      | Found a stormy altar of Qazlal.
  6103 | D:4      | Reached skill level 10 in Polearms
  6250 | D:4      | Reached XP level 8. HP: 35/58 MP: 11/11
  6439 | D:5      | Entered Level 5 of the Dungeon
  6682 | D:5      | Found a hazy altar of Hepliaklqana.
  6685 | D:5      | Found a shimmering altar of Xom.
  6688 | D:5      | Found an ancient bone altar of Kikubaaqudgha.
  6691 | D:5      | Found a burning altar of Makhleb.
  6702 | D:5      | Reached skill level 1 in Invocations
  6813 | D:5      | Reached ** piety under Fedhas
  6944 | D:5      | Reached skill level 1 in Armour
  6965 | D:5      | Reached skill level 5 in Dodging
  7152 | D:5      | Got a faintly glowing platinum amulet
  7155 | D:5      | Found a sparkling altar of Nemelex Xobeh.
  7235 | D:5      | Found a glowing drain.
  7239 | Sewer    | Entered a sewer
  7282 | Sewer    | Identified the amulet of the Shrike {Harm *Corrode *Drain rF++ Str+4 SInv} (You found it on level 5 of the Dungeon)
  7501 | Sewer    | Reached *** piety under Fedhas
  7573 | Sewer    | Reached XP level 9. HP: 53/66 MP: 12/12
  8033 | D:6      | Reached skill level 5 in Fighting
  8073 | D:6      | Found a shadowy altar of Dithmenos.
  8074 | D:6      | Found an ornate altar of the Wu Jian Council.
  8165 | D:6      | Found a blossoming altar of Fedhas.
  8281 | D:6      | Found a basalt altar of Yredelemnul.
  8624 | D:7      | Found Gorukhlo's Magic Scroll Shop.
  8636 | D:7      | Bought a scroll of enchant weapon for 82 gold pieces
  8721 | D:7      | Found Rautwid's Book Boutique.
  8738 | D:7      | Found a staircase to the Ecumenical Temple.
  8806 | D:7      | Reached skill level 1 in Shields
  8873 | D:7      | Found Ocihug's Assorted Antiques.
  8891 | D:7      | Found Keatik's Magic Scroll Shoppe.
  8967 | D:7      | Reached **** piety under Fedhas
  8974 | D:7      | Bought a scroll of blinking for 112 gold pieces
  9023 | D:7      | Found Vocoituj's Food Emporium.
  9086 | D:7      | Noticed a two-headed ogre
  9102 | D:7      | Killed a two-headed ogre
  9102 | D:7      | Reached skill level 5 in Invocations
  9102 | D:7      | Reached XP level 10. HP: 77/77 MP: 13/13
  9765 | D:8      | Got an ancient ring mail
  9776 | D:8      | Identified the +4 ring mail of Zotuob {Stlth+} (You found it on level 8 of the Dungeon)
  9919 | D:8      | Noticed Gigax's ghost (novice OpMo)
  9946 | D:8      | Killed Gigax's ghost
 10089 | D:8      | Noticed a two-headed ogre
 10105 | D:8      | Killed a two-headed ogre
 10734 | D:9      | Reached XP level 11. HP: 79/85 MP: 16/16
 10987 | D:9      | Noticed a two-headed ogre
 10999 | D:9      | Killed a two-headed ogre
 11099 | D:9      | Killed an unseen horror
 11278 | D:9      | Reached ***** piety under Fedhas
 11377 | D:9      | Got a faintly humming leather armour
 11788 | D:9      | Found Maul's Antique Weapon Boutique.
 11832 | D:9      | Found a staircase to the Orcish Mines.
 11849 | D:9      | Reached skill level 5 in Armour
 12048 | D:10     | Entered Level 10 of the Dungeon
 12048 | D:10     | Noticed Snorg
 12078 | D:10     | Killed Snorg
 12078 | D:10     | Reached skill level 10 in Dodging
 12342 | D:10     | Noticed a two-headed ogre
 12361 | D:10     | Killed a two-headed ogre
 13292 | D:11     | Found a staircase to the Lair.
 13815 | D:11     | Killed an unseen horror
 14256 | Lair:1   | Entered Level 1 of the Lair of Beasts
 14370 | Lair:1   | Found a frozen archway.
 14432 | Lair:1   | Reached XP level 12. HP: 96/96 MP: 18/18
 14904 | IceCv    | Entered an ice cave
 15268 | Lair:2   | Noticed a four-headed hydra
 15282 | Lair:2   | Killed a four-headed hydra
 15364 | Lair:2   | Reached skill level 10 in Fighting
 17178 | Lair:3   | Noticed a seven-headed hydra
 17196 | Lair:3   | Killed a seven-headed hydra
 17196 | Lair:3   | Reached skill level 10 in Invocations
 17316 | Lair:3   | Found a staircase to the Shoals.
 17703 | Lair:4   | Reached XP level 13. HP: 99/105 MP: 20/20
 18448 | Lair:4   | Found a staircase to the Snake Pit.
 19326 | Lair:5   | Noticed Josephine
 19358 | Lair:5   | Killed Josephine
 20056 | Lair:5   | Found a staircase to the Slime Pits.
 20060 | Lair:5   | Noticed Kirke
 20604 | Lair:5   | Noticed a sphinx
 20822 | Lair:6   | Entered Level 6 of the Lair of Beasts
 20974 | Lair:6   | Noticed a dire elephant
 20993 | Lair:6   | Killed a dire elephant
 21352 | Lair:6   | Reached XP level 14. HP: 112/115 MP: 22/22
 22774 | D:7      | Bought a scroll of acquirement for 572 gold pieces
 22775 | D:7      | Got a pitted trident
 22776 | D:7      | Identified the +3 trident of Linearity {drain, rF- rN+++ Int+3} (You acquired it on level 7 of the Dungeon)
 22855 | Orc:1    | Entered Level 1 of the Orcish Mines
 22984 | Orc:1    | Found Anarojum's General Store.
 23348 | Orc:1    | HP: 3/116 [cyclops (24)]
 24028 | Orc:1    | Noticed a frost giant
 24082 | Orc:1    | Killed a frost giant
 24094 | Orc:1    | Reached skill level 15 in Dodging
 24349 | Orc:1    | Identified the Disquisition on Self-Knowledge and Arcane Weapons
 24460 | Orc:2    | Entered Level 2 of the Orcish Mines
 24697 | Orc:2    | Found Fuyh Lavye's Magic Scroll Shop.
 24703 | Orc:2    | Found a staircase to the Elven Halls.
 24708 | Orc:2    | Bought a scroll of vulnerability for 112 gold pieces
 25085 | Orc:2    | Found Geabarentu's Gadget Shoppe.
 25154 | Orc:2    | Found a radiant altar of Vehumet.
 25216 | Orc:2    | Found a roughly hewn altar of Beogh.
 25216 | Orc:2    | Found Utera's Gadget Emporium.
 25217 | Orc:2    | Found Ateust's Antique Armour Shoppe.
 25513 | Orc:2    | Found Woletuamo's Magic Scroll Shoppe.
 25525 | Orc:2    | Bought a scroll of silence for 105 gold pieces
 25544 | Orc:2    | Found an ancient bone altar of Kikubaaqudgha.
 25947 | Orc:2    | Bought a scroll of teleportation for 45 gold pieces
 25947 | Orc:2    | Bought a scroll of fog for 30 gold pieces
 25947 | Orc:2    | Bought a scroll of fog for 30 gold pieces
 25947 | Orc:2    | Bought a scroll of blinking for 112 gold pieces
 25947 | Orc:2    | Bought a scroll of enchant weapon for 112 gold pieces
 25947 | Orc:2    | Bought a scroll of enchant armour for 112 gold pieces
 25947 | Orc:2    | Bought a scroll of identify for 30 gold pieces
 25947 | Orc:2    | Bought a scroll of identify for 30 gold pieces
 25947 | Orc:2    | Bought a scroll of fear for 52 gold pieces
 25948 | Orc:2    | Identified the +0 leather armour "Qoeppove" {rPois} (You found it on level 9 of the Dungeon)
 26188 | D:12     | Reached XP level 15. HP: 124/124 MP: 24/24
 27236 | D:12     | Noticed komo4ek's ghost (journeyman GrFi)
 27817 | D:7      | Bought a book of Battle for 480 gold pieces
 27827 | D:7      | Learned a level 3 spell: Spectral Weapon
 27831 | D:7      | Learned a level 3 spell: Regeneration
 28642 | D:12     | Killed komo4ek's ghost
 28715 | D:12     | HP: 2/124 [phantasmal warrior[a death knight] (24)]
 29243 | D:12     | Reached skill level 1 in Hexes
 29243 | D:12     | Reached skill level 1 in Charms
 29423 | D:12     | Found a shattered altar of Ashenzari.
 30843 | D:13     | Found a gate to the Vaults.
 31042 | D:13     | Found a white marble altar of Elyvilon.
 31236 | D:14     | Found a portal to a secret trove of treasure.
 31339 | D:14     | Found Hamnesmi's Distillery.
 31342 | D:14     | Noticed Agnes
 31713 | D:14     | Found Ettur's Book Boutique.
 31793 | D:14     | Found an opulent altar of Gozag.
 31799 | D:14     | Found Wetil's Food Shop.
 31803 | D:14     | Found Ycuthy's Elemental Accessories.
 32319 | D:14     | Bought a potion of heal wounds for 80 gold pieces
 32319 | D:14     | Bought a potion of haste for 160 gold pieces
 32414 | D:14     | Killed Agnes
 33265 | D:14     | Reached skill level 5 in Charms
 33525 | D:14     | Found Nuheroet's Antique Armour Shoppe.
 33817 | D:15     | Entered Level 15 of the Dungeon
 33817 | D:15     | Noticed Roxanne
 33845 | D:15     | Reached skill level 15 in Polearms
 33964 | D:15     | Shot with a bolt by a yaktaur

Skill      XL: |  1  2  3  4  5  6  7  8  9 10 11 12 13 14 15 |
---------------+----------------------------------------------+-----
Fighting       | 1 2 3 4 6 7 9 10 12 13 | 13.3
Dodging        | 3 4 5 7 9 11 12 14 15 | 15.5
Polearms       | 2 5 9 10 11 12 15 | 15.2
Invocations    | 2 5 6 8 10 11 12 | 12.9
Armour         | 1 3 4 5 7 8 9 |  9.4
Shields        | 3 4 |  4.0
Hexes          | 4 |  4.9
Charms         | 5 |  5.3
Stealth        | |  2.1
Spellcasting   | |  2.0
Conjurations   | |  0.7
Air Magic      | |  2.4

Action                   |  1- 3 |  4- 6 |  7- 9 | 10-12 | 13-15 || total
-------------------------+-------+-------+-------+-------+-------++-------
Melee: Club              |    33 |       |       |       |       ||    33
       Unarmed           |     1 |       |       |       |       ||     1
       Mace              |    46 |   103 |       |       |       ||   149
       Spear             |       |   244 |   590 |  1188 |  2652 ||  4674
       Tailslap          |       |       |     8 |       |    40 ||    48
       Halberd           |       |       |       |       |   158 ||   158
 Cast: Shock             |    23 |    78 |       |       |       ||   101
Invok: Fungal Bloom      |       |     6 |    21 |    48 |    61 ||   136
       Evolution         |       |     1 |     1 |     7 |    31 ||    40
Evoke: Wand              |       |       |     8 |     6 |     5 ||    19
       Lamp of fire      |       |       |       |       |     2 ||     2
  Use: Scroll            |       |     6 |    13 |     4 |    12 ||    35
       Potion            |       |     1 |       |       |    13 ||    14
 Stab: Distracted        |     1 |       |       |     3 |    10 ||    14
       Sleeping          |       |     9 |       |    16 |    10 ||    35
       Paralysed         |       |       |       |     5 |       ||     5
       Confused          |       |       |       |     3 |    26 ||    29
       Invisible         |       |       |       |       |     6 ||     6
       Petrified         |       |       |       |       |     3 ||     3
  Eat: Chunk             |     3 |    13 |     7 |     9 |    12 ||    44
       Ration            |       |       |     2 |     6 |    14 ||    22
Armor: Robe              |    19 |    51 |       |       |       ||    70
       Chain mail        |       |   139 |   162 |    33 |       ||   334
       Ring mail         |       |       |       |   135 |   399 ||   534
Dodge: Dodged            |    82 |   242 |    80 |   305 |  1061 ||  1770
Block: Buckler           |       |       |    26 |   162 |   548 ||   736
       Reflection        |       |       |       |     4 |    30 ||    34
       Other             |       |       |       |       |     9 ||     9
